[Event "*** Titled Tuesday Blitz"]
[Site "Chess.com"]
[Date "2021.02.09"]
[Round "6"]
[White "BairaKovanova"]
[Black "YIYUKI"]
[Result "1-0"]
[WhiteElo "2477"]
[BlackElo "2150"]
[TimeControl "180+1"]
[EndTime "11:06:56 PST"]
[Termination "BairaKovanova won by resignation"]

1. e4 c6 2. d4 d5 3. Nc3 dxe4 4. Nxe4 Bf5 5. Ng3 Bg6 6. Nf3 Nd7 7.
Bd3 Ngf6 8. O-O e6 9. Bxg6 hxg6 10. c4 Bd6 11. Bg5 Qc7 12. Re1 O-O-O 13. Qa4 Kb8 14. b4 Bf4 15. b5 c5 16. Rad1 Nb6 17. Qa3 Bxg5 18. Nxg5 Ng4 19. h3 Qf4 20. Nf3 Nf6 21. Qxc5 g5 22. Qxg5 Qxg5 23. Nxg5 Rhf8 24. c5 Nbd5 25.
N3e4 Nxe4 26. Nxe4 Kc7 27. Nd6 b6 28. Rc1 bxc5 29.
dxc5 Nb4 30. Re2 Nd3 31. Rc3 Nf4 32. Rb2 Nd5 33. Rc1 Rb8 34. a4 g6 35. a5 f5 36.
b6+ axb6 37. axb6+ Kc6 38. Nb5 e5 39. Na7+ Kd7 40.
c6+ 1-0

[Event "*** Titled Tuesday Blitz"]
[Site "Chess.com"]
[Date "2021.02.09"]
[Round "6"]
[White "dennisodessa"]
[Black "ENajer77"]
[Result "0-1"]
[WhiteElo "2468"]
[BlackElo "2626"]
[TimeControl "180+1"]
[EndTime "11:07:00 PST"]
[Termination "ENajer77 won by resignation"]

1. d4 Nf6 2. c4 e6 3. Nc3 Bb4 4. Qc2 Nc6 5. Nf3 O-O 6. Bd2 d6 7. a3 Bxc3 8. Bxc3 Qe7 9. e3 e5 10. Be2 Bg4 11. dxe5 dxe5 12. O-O a5 13. b3 Rfe8 14.
Rfd1 Bh5 15. Qb2 Ne4 16. Nxe5 Bxe2 17. Rd7 Qe6 18. Rxf7 Nxc3 19. Nxc6 Qxf7 20. Qxc3 bxc6 0-1

[Event "*** Titled Tuesday Blitz"]
[Site "Chess.com"]
[Date "2021.02.09"]
[Round "6"]
[White "Evgeny81"]
[Black "goldihouse"]
[Result "1-0"]
[WhiteElo "2744"]
[BlackElo "2546"]
[TimeControl "180+1"]
[EndTime "11:07:02 PST"]
[Termination "Evgeny81 won by resignation"]

1. e4 e6 2. d4 d5 3. Nd2 Nc6 4. Ngf3 Nf6 5. e5 Nd7 6. Nb3 f6 7. Bb5 Be7 8. O-O O-O 9. Re1 fxe5 10. dxe5 Ndb8 11. c3 Bd7 12. Bd3 Qe8 13. Nfd4 Nxd4 14. cxd4 c5 15. Nxc5 Bxc5 16. dxc5 Bb5 17. Be3 Bxd3 18.
Qxd3 Nc6 19. f4 h5 20. a3 Ne7 21. b4 Qa4 22. Qd1 Qxd1 23. Rexd1 Nf5 24. Bf2 a5 25. g3 Kf7 26. b5 Rfc8 27. a4 Ke7 28. Kg2 Rg8 29.
Rac1 g5 30. fxg5 Rxg5 31. c6 bxc6 32. Rxc6 h4 33. Rc7+ Kf8 34. b6 hxg3 35. hxg3 Rb8 36.
b7 1-0

[Event "*** Titled Tuesday Blitz"]
[Site "Chess.com"]
[Date "2021.02.09"]
[Round "6"]
[White "ljuks68"]
[Black "frazier69"]
[Result "0-1"]
[WhiteElo "2381"]
[BlackElo "2511"]
[TimeControl "180+1"]
[EndTime "11:07:03 PST"]
[Termination "frazier69 won by resignation"]

1. e4 c5 2. Nf3 Nc6 3. d4 cxd4 4.
Nxd4 g6 5. c4 Nf6 6. Nc3 d6 7. Be2 Nxd4 8. Qxd4 Bg7 9. Be3 O-O 10.
Qd2 a5 11. b3 a4 12. Rc1 axb3 13. axb3 Ra3 14. b4 Be6 15. f3 Nd7 16. Nd5 Bxd5 17. cxd5 Qa8 18. O-O Ra2 19. Rc2 Rxc2 20. Qxc2 Rc8 21.
Qb1 Qa3 22. Bf2 h5 23. h3 Qc3 24. Rd1 Be5 25. Kh1 Nb8 26. Rd3 Qc1+ 27. Qxc1 Rxc1+ 28. Bd1 Na6 29. Be3 Rb1 30. f4 Nxb4 0-1

[Event "*** Titled Tuesday Blitz"]
[Site "Chess.com"]
[Date "2021.02.09"]
[Round "6"]
[White "Mikhail_Golubev"]
[Black "AniJak"]
[Result "1-0"]
[WhiteElo "2525"]
[BlackElo "2321"]
[TimeControl "180+1"]
[EndTime "11:07:03 PST"]
[Termination "Mikhail_Golubev won by resignation"]

1. e4 c5 2. Nf3 e6 3. d4 cxd4 4. Nxd4 a6 5. Bd3 Bc5 6. Be3 Nf6 7. Nxe6 Qa5+ 8. Bd2 Bxf2+ 9. Kf1 Qb6 10. Nxg7+ Kf8 11.
Nf5 d5 12. Bh6+ Ke8 13. exd5 Bxf5 14. Bxf5 Nbd7 15. Nd2 Bc5 16. Nc4 Qb5 17. Qe2+ Kd8 18. a4 Qb4 19. Bd2 Re8 20. Qd3 Ne5 21. Nxe5 Qxb2 22.
Bc3 Qb6 23. Nc4 Qc7 24. d6 Qc6 25. Bxf6+ 1-0

[Event "*** Titled Tuesday Blitz"]
[Site "Chess.com"]
[Date "2021.02.09"]
[Round "6"]
[White "Alexchess1984"]
[Black "AryanTari"]
[Result "1-0"]
[WhiteElo "2719"]
[BlackElo "2887"]
[TimeControl "180+1"]
[EndTime "11:07:05 PST"]
[Termination "Alexchess1984 won on time"]

1. e4 c6 2. d4 d5 3. exd5 cxd5 4. c4 Nf6 5. Nc3 g6 6. cxd5 Nxd5 7. Bc4 Nb6 8. Bb3 Bg7 9. Nf3 O-O 10. h3 Nc6 11. d5 Na5 12. O-O Bd7 13. Re1 h6 14. Bf4 Nac4 15.
Qe2 Rc8 16. Ne5 Nd6 17. Nxd7 Nxd7 18. Qxe7 Nc4 19. Bxc4 Rxc4 20. Bg3 Nc5 21. Rad1 Qb6 22. Qe2 Rb4 23. Rd2 Rd8 24. d6 Bxc3 25. bxc3 Re4 26.
Qd1 Qc6 27. Rde2 Rxe2 28. Qxe2 Ne6 29. Qe5 Qc5 30. Qf6 Rxd6 31. Be5 1-0

[Event "*** Titled Tuesday Blitz"]
[Site "Chess.com"]
[Date "2021.02.09"]
[Round "6"]
[White "Rozum_Ivan"]
[Black "andriipalchuk"]
[Result "1-0"]
[WhiteElo "2742"]
[BlackElo "2573"]
[TimeControl "180+1"]
[EndTime "11:07:05 PST"]
[Termination "Rozum_Ivan won by resignation"]

1. d3 d5 2. Bf4 Nf6 3. Nd2 Nc6 4.
Ngf3 g6 5. e4 Bg7 6. c3 O-O 7. Qc2 a5 8. h3 a4 9. Rd1 Re8 10. e5 Nd7 11. d4 Nb6 12. Bd3 Be6 13. h4 Bg4 14. Nf1 Qd7 15. Ne3 Bxf3 16. gxf3 f6 17. Bxg6 hxg6 18. Qxg6 Kh8 19. Rg1 1-0

[Event "*** Titled Tuesday Blitz"]
[Site "Chess.com"]
[Date "2021.02.09"]
[Round "6"]
[White "vugarrasulov"]
[Black "Aygehovit1992"]
[Result "1-0"]
[WhiteElo "2756"]
[BlackElo "2610"]
[TimeControl "180+1"]
[EndTime "11:07:07 PST"]
[Termination "vugarrasulov won on time"]

1. e4 c5 2. Nf3 d6 3. d4 cxd4 4. Nxd4 Nf6 5. Nc3 Nc6 6. Bc4 Qb6 7. Be3 Qxb2 8. Ndb5 Qb4 9. Bd5 Qa5 10. Rb1 g6 11.
Rb3 Bg7 12. Ra3 Qd8 13. O-O O-O 14. Nxa7 Bd7 15. Qb1 Nxd5 16. Nxd5 Ne5 17. Bb6 Qb8 18. Nxe7+ Kh8 19. Qb3 Be6 20. Nd5 Nd7 21. Bc7 Qe8 22.
Bxd6 Rg8 23. Qxb7 Bxd5 24. exd5 Nf6 25. Re3 Qd8 26. Nb5 Rxa2 27. c4 Ng4 28. Re7 Re8 29. h3 Nxf2 30. Rxf2 Ra1+ 31. Kh2 1-0

[Event "*** Titled Tuesday Blitz"]
[Site "Chess.com"]
[Date "2021.02.09"]
[Round "6"]
[White "mr65"]
[Black "GMJustin"]
[Result "0-1"]
[WhiteElo "2103"]
[BlackElo "2279"]
[TimeControl "180+1"]
[EndTime "11:07:07 PST"]
[Termination "GMJustin won by resignation"]

1. e4 e5 2. Nf3 Nc6 3. Bb5 a6 4. Ba4 Nf6 5. O-O Be7 6. Re1 b5 7. Bb3 O-O 8. d4 Nxd4 9. Nxd4 exd4 10. e5 Ne8 11. c3 c5 12. cxd4 c4 13. Bc2 d5 14.
Nc3 Nc7 15. Qh5 g6 16. Qh6 b4 17. Ne2 Ne6 18. Ng3 f5 19. exf6 Bxf6 20. Be3 Bg7 0-1

[Event "*** Titled Tuesday Blitz"]
[Site "Chess.com"]
[Date "2021.02.09"]
[Round "6"]
[White "ChristopherYoo"]
[Black "Alonmindlin"]
[Result "1-0"]
[WhiteElo "2882"]
[BlackElo "2682"]
[TimeControl "180+1"]
[EndTime "11:07:08 PST"]
[Termination "ChristopherYoo won by resignation"]

1. Nf3 Nf6 2. d4 e6 3. c4 Bb4+ 4. Bd2 Qe7 5. e3 Nc6 6. Bd3 O-O 7. O-O Bxd2 8. Nbxd2 d6 9. e4 e5 10. d5 Nb8 11. b4 a5 12. a3 Na6 13. Qb3 Bg4 14. h3 Bxf3 15. Nxf3 Nh5 16. Rfe1 Nf4 17. Bf1 f5 18. exf5 Rxf5 19. Nd2 Raf8 20. Ne4 axb4 21. axb4 Qf7 22. c5 Qg6 23. c6 Nxb4 24. cxb7 Nbd3 25. Re3 Nxg2 26. Bxg2 Nf4 27. Rg3 Ne2+ 28. Kh2 Nxg3 29. fxg3 Rb8 30. Rc1 Qf7 31. Nxd6 1-0

[Event "*** Titled Tuesday Blitz"]
[Site "Chess.com"]
[Date "2021.02.09"]
[Round "6"]
[White "CHENNAIBOND"]
[Black "MasterMK73"]
[Result "0-1"]
[WhiteElo "1679"]
[BlackElo "2233"]
[TimeControl "180+1"]
[EndTime "11:07:10 PST"]
[Termination "MasterMK73 won by resignation"]

1. e4 c5 2. Nf3 a6 3. c3 d6 4. d4 Qc7 5. Bd3 g6 6. O-O Bg7 7. Bf4 Nd7 8. Nbd2 e5 9. dxe5 dxe5 10. Be3 b5 11. a4 c4 12. Bc2 Bb7 13. axb5 axb5 14.
Rxa8+ Bxa8 15. Qa1 Bc6 16. b3 cxb3 17. Nxb3 Ngf6 18.
Nc5 O-O 19. Na6 Qb7 20. Nc5 Nxc5 21. Bxc5 Ra8 22. Qe1 Nxe4 23. Bxe4 Bxe4 24. Qe3 Rd8 25. Ra1 h6 26. Ra7 Qc6 27. h4 Rd3 28. Ra8+ Qxa8 0-1

[Event "*** Titled Tuesday Blitz"]
[Site "Chess.com"]
[Date "2021.02.09"]
[Round "6"]
[White "Vanina1989"]
[Black "serhanberat_ozdemir"]
[Result "1-0"]
[WhiteElo "2715"]
[BlackElo "2483"]
[TimeControl "180+1"]
[EndTime "11:07:11 PST"]
[Termination "Vanina1989 won on time"]

1. d4 Nf6 2. c4 g6 3. Nc3 Bg7 4.
e4 d6 5. Nf3 O-O 6. Be2 Bg4 7. O-O Nfd7 8. h3 Bxf3 9. Bxf3 c5 10. d5 Na6 11. Be2 Nc7 12. f4 e6 13. Bf3 exd5 14. cxd5 a6 15. Be3 Re8 16. Qc2 Rb8 17. Bf2 b5 18. Rae1 c4 19. Ne2 Nc5 20. Bxc5 dxc5 21.
Rd1 a5 22. e5 Na6 23. a3 Kh8 24. d6 f6 25. Bc6 fxe5 26. Bxe8 Qxe8 27. d7 Qe7 28. f5 e4 29. fxg6 hxg6 30. Nf4 Kh7 31.
Rfe1 Bd4+ 32. Kh1 Qxd7 33. Qxe4 Qf7 34. Ne6 Bf6 35. Rf1 Qe7 36. Qc6 Re8 37. Rd7 Nb8 38. Rxe7+ Rxe7 39. Qc8 1-0

[Event "*** Titled Tuesday Blitz"]
[Site "Chess.com"]
[Date "2021.02.09"]
[Round "6"]
[White "TregubovP"]
[Black "Zmeeed63"]
[Result "0-1"]
[WhiteElo "2591"]
[BlackElo "2439"]
[TimeControl "180+1"]
[EndTime "11:07:11 PST"]
[Termination "Zmeeed63 won by resignation"]

1. e4 c5 2. Nf3 Nc6 3. c3 d5 4. exd5 Qxd5 5. d4 Bg4 6. Be2 e6 7. h3 Bh5 8. c4 Qd7 9. d5 Bxf3 10.
Bxf3 exd5 11. cxd5 Nd4 12. O-O Nf6 13. Nc3 Be7 14. Be3 Nxf3+ 15. Qxf3 O-O 16. Rad1 Bd6 17. Bg5 Be5 18. d6 Rfe8 19. Bxf6 Bxf6 20. Ne4 Bd4 21. b4 b6 22. bxc5 bxc5 23. Rb1 Rab8 24. Rfc1 Rb6 25. Rb3 h6 26. Rd3 Rb2 27. Nxc5 Qxd6 28.
Ne4 Qe5 29. Rcd1 Qxe4 30. Qxe4 Bxf2+ 0-1

[Event "*** Titled Tuesday Blitz"]
[Site "Chess.com"]
[Date "2021.02.09"]
[Round "6"]
[White "MarceloPlaya"]
[Black "AlexSuv"]
[Result "0-1"]
[WhiteElo "2283"]
[BlackElo "2450"]
[TimeControl "180+1"]
[EndTime "11:07:11 PST"]
[Termination "AlexSuv won by resignation"]

1. e4 c5 2. Nf3 e6 3. d4 cxd4 4. Nxd4 Nc6 5. Nc3 Qc7 6. Be3 a6 7. Qd2 Nf6 8. Bd3 Nxd4 9. Bxd4 Bc5 10. Bxf6 gxf6 11. O-O b5 12. a4 b4 13. Ne2 Bb7 14. Qh6 Ke7 15. Kh1 Rag8 16. f4 Rg6 17. Qh3 Rhg8 18. Ng3 Rg4 19. f5 Bd4 20. fxe6 dxe6 21. Rf3 Bxb2 22. Raf1 R8g6 23. e5 Bxf3 24. Bxg6 Rxg6 25.
exf6+ Rxf6 26. Rxf3 Rxf3 27. gxf3 Qxc2 28. Ne4 Be5 29.
Qh4+ Ke8 30. Qxh7 Qc1+ 31. Kg2 b3 32. Qg8+ Ke7 33. Ng5 Qc2+ 34. Kf1 Qg6 0-1

[Event "*** Titled Tuesday Blitz"]
[Site "Chess.com"]
[Date "2021.02.09"]
[Round "6"]
[White "C_K_G"]
[Black "A-S-00"]
[Result "1-0"]
[WhiteElo "2114"]
[BlackElo "2305"]
[TimeControl "180+1"]
[EndTime "11:07:11 PST"]
[Termination "C_K_G won by resignation"]

1. e4 c5 2. Nf3 Nc6 3. c3 Nf6 4. Bd3 d6 5. h3 g6 6. Bc2 Bg7 7.
O-O e5 8. Re1 O-O 9. d3 Nh5 10.
Nbd2 Nf4 11. Nf1 b5 12. Ng3 h5 13. Ne2 Ne6 14. d4 cxd4 15. cxd4 exd4 16. Nf4 Nxf4 17. Bxf4 Be6 18. Qd2 Re8 19. Bh6 Bh8 20. Ng5 Qa5 21.
Qf4 Be5 22. Qh4 Bf6 23. Qg3 Qc7 24. f4 Nd8 25. Bd1 d5 26. e5 Bg7 27. Bxg7 Kxg7 28.
Bxh5 Rh8 29. Bg4 Bxg4 30. Qxg4 Qc8 31. e6 fxe6 32. Nxe6+ Nxe6 33. Rxe6 Qd7 34. Qxg6+ Kf8 35. Rf6+ 1-0

[Event "*** Titled Tuesday Blitz"]
[Site "Chess.com"]
[Date "2021.02.09"]
[Round "6"]
[White "MFguimaraes"]
[Black "andy_rekt"]
[Result "1-0"]
[WhiteElo "2423"]
[BlackElo "2244"]
[TimeControl "180+1"]
[EndTime "11:07:13 PST"]
[Termination "MFguimaraes won by resignation"]

1. e4 e6 2. d4 d5 3. Bd3 c5 4. exd5 exd5 5. Nf3 Nc6 6. O-O c4 7. Be2 Nf6 8. b3 cxb3 9. axb3 Bd6 10. c4 O-O 11. Nc3 Bg4 12. h3 Bh5 13. Bg5 dxc4 14. d5 Bxf3 15. Bxf3 Ne5 16. bxc4 Nxc4 17. Qb3 Nb6 18.
Ne4 Be5 19. Rad1 h6 20. Bh4 g5 21. Bg3 Bxg3 22. Nxg3 Qd7 23. Qb2 Ne8 24. Rfe1 Nd6 25. Nh5 f6 26. Bg4 Qh7 27. Nxf6+ Rxf6 28. Qxf6 1-0

[Event "*** Titled Tuesday Blitz"]
[Site "Chess.com"]
[Date "2021.02.09"]
[Round "6"]
[White "AurumO"]
[Black "politeplayer"]
[Result "0-1"]
[WhiteElo "1894"]
[BlackElo "2182"]
[TimeControl "180+1"]
[EndTime "11:07:14 PST"]
[Termination "politeplayer won on time"]

1. e4 c5 2. c3 d5 3. exd5 Qxd5 4. d4 Nf6 5. Nf3 e6 6. Na3 Bd7 7. Nb5 Na6 8. Be3 c4 9. a4 Bxb5 10. axb5 Qxb5 11. Qa4 Qxa4 12. Rxa4 Bd6 13. Bxc4 Nc7 14. Ra2 b5 15. Bd3 a5 16. O-O Nfd5 17. Rfa1 a4 18. h3 Ke7 19. Be4 a3 20. Bd3 axb2 21. Rxa8 Rxa8 22.
Rxa8 Nxa8 23. Bd2 Bf4 24. Bxf4 Nxf4 25. Bb1 Ne2+ 26. Kf1 Nxc3 27. Nd2 Nb6 28. Ke1 Nc4 0-1

[Event "*** Titled Tuesday Blitz"]
[Site "Chess.com"]
[Date "2021.02.09"]
[Round "6"]
[White "eduardoperalta"]
[Black "CSB7"]
[Result "1-0"]
[WhiteElo "2411"]
[BlackElo "2567"]
[TimeControl "180+1"]
[EndTime "11:07:15 PST"]
[Termination "eduardoperalta won by resignation"]

1. d4 Nf6 2. c4 g6 3. Nc3 Bg7 4.
e4 O-O 5. f3 d6 6. Bg5 Nc6 7.
Nge2 e5 8. d5 Nd4 9. Qd2 c5 10.
Ng3 Bd7 11. Bd3 a6 12. O-O b5 13. b3 Qb6 14. Kh1 Rab8 15. f4 exf4 16. Qxf4 Ng4 17. Qd2 Ne5 18. Rac1 bxc4 19. Bxc4 Bb5 20. Bxb5 axb5 21.
Bf6 b4 22. Na4 Qc7 23. Bxg7 Kxg7 24. Qxd4 f6 25. Qd2 Ra8 26. Ne2 g5 27. Nd4 Kh8 28. Ne6 Qf7 29. Nxf8 Rxf8 30. Rf5 Qh5 31. Rcf1 Ng4 32.
h3 Re8 33. Qe2 1-0

[Event "*** Titled Tuesday Blitz"]
[Site "Chess.com"]
[Date "2021.02.09"]
[Round "6"]
[White "zim0ne"]
[Black "MF1966Idrisov"]
[Result "1-0"]
[WhiteElo "2527"]
[BlackElo "2397"]
[TimeControl "180+1"]
[EndTime "11:07:18 PST"]
[Termination "zim0ne won by resignation"]

1. Nf3 Nf6 2. c4 b6 3. g3 Bb7 4.
Bg2 c5 5. O-O g6 6. Nc3 Bg7 7.
d4 cxd4 8. Qxd4 O-O 9. Qh4 d6 10.
Bh6 Nbd7 11. Rac1 Rc8 12. b3 a6 13. Bh3 Rc7 14. Ng5 Bc8 15. Nd5 Rc5 16. b4 Rc6 17. Bxd7 Bxd7 18. Bxg7 Kxg7 19. Nxf6 Kxf6 20. Nxh7+ Kg7 21. Nxf8 Qxf8 22. c5 Qc8 23. Qxe7 dxc5 24. bxc5 Re6 25. Qh4 bxc5 26. Qc4 Bb5 27. Qxc5 Qxc5 28.
Rxc5 Rxe2 29. Ra1 Re4 30. f3 Ra4 31. Kf2 Ra3 32. Re5 Kf6 33. Re3 Ra4 34. a3 Rc4 35.
g4 Kg5 36. Kg3 f5 37. f4+ Kf6 38. g5+ Kf7 39. Rae1 Rc2 40. Re7+ Kf8 41. R7e6 Rc3+ 42. R1e3 1-0

[Event "*** Titled Tuesday Blitz"]
[Site "Chess.com"]
[Date "2021.02.09"]
[Round "6"]
[White "krasavetc"]
[Black "enriquebutti"]
[Result "0-1"]
[WhiteElo "2329"]
[BlackElo "2182"]
[TimeControl "180+1"]
[EndTime "11:07:19 PST"]
[Termination "enriquebutti won by resignation"]

1. Nf3 c5 2. d4 cxd4 3. Nxd4 d5 4.
Nf3 Nc6 5. e3 Nf6 6. c3 e5 7. Be2 Bd6 8. O-O e4 9. Nd4 h5 10. h3 Qe7 11. f4 exf3 12. Bxf3 Qe5 13. Nd2 Qh2+ 14. Kf2 Bxh3 15. Rh1 Qg3+ 16. Kg1 Bg4 17.
Nf1 Bxf3 18. Nxf3 Qg6 19. c4 O-O 20. cxd5 Nb4 21. Bd2 Nbxd5 22. Bc3 Bc5 23. Bd4 Bxd4 24.
Qxd4 Rad8 25. Qh4 Rfe8 26. Re1 Qc2 27. Ng3 Nxe3 28. Qh3 g6 29. Ne2 Rd1 30. Kh2 Rxe1 31. Rxe1 Neg4+ 32. Kg3 Rxe2 0-1

[Event "*** Titled Tuesday Blitz"]
[Site "Chess.com"]
[Date "2021.02.09"]
[Round "6"]
[White "Rogarcia1"]
[Black "Fiona"]
[Result "0-1"]
[WhiteElo "2258"]
[BlackElo "2131"]
[TimeControl "180+1"]
[EndTime "11:07:19 PST"]
[Termination "Fiona won by checkmate"]

1. e4 e5 2. Nf3 Nc6 3. Bb5 a6 4. Ba4 d6 5. O-O Bd7 6. c3 Nge7 7. d4 Ng6 8. h3 Be7 9. Be3 h6 10. Nbd2 Bg5 11. Re1 Qf6 12. Rc1 Nf4 13. Bxc6 bxc6 14. dxe5 dxe5 15. Nc4 Ng6 16. Rc2 Rd8 17. Rd2 Bf4 18. Bxf4 exf4 19. e5 Qe7 20. Nd4 O-O 21. Qf3 Qg5 22. Rde2 Be6 23. Nd2 Nh4 24. Qe4 Bd5 25. N2f3 Qxg2# 0-1

[Event "*** Titled Tuesday Blitz"]
[Site "Chess.com"]
[Date "2021.02.09"]
[Round "6"]
[White "HouseOfDurin"]
[Black "Susik_Gaboyan"]
[Result "1-0"]
[WhiteElo "2112"]
[BlackElo "2259"]
[TimeControl "180+1"]
[EndTime "11:07:19 PST"]
[Termination "HouseOfDurin won on time"]

1. d4 Nf6 2. Bg5 d5 3. Bxf6 exf6 4. e3 Bd6 5. c4 dxc4 6. Bxc4 O-O 7. Nc3 c6 8. Nge2 Nd7 9. a3 f5 10. g3 Nf6 11. O-O g6 12. Qc2 h5 13. h4 Qe7 14. d5 Ng4 15. dxc6 bxc6 16. Nf4 Bb7 17. b4 c5 18. b5 Ne5 19. Bd5 Bxd5 20. Ncxd5 Qb7 21. a4 Rad8 22. Rfd1 Bb8 23. Qxc5 Rc8 24. Ne7+ Kh7 25. Nxc8 Rxc8 26. Qd5 Qe7 27. Rac1 Re8 28. Kg2 Kg7 29. a5 Kh7 30. b6 axb6 31. axb6 Kg7 32.
b7 Kh7 33. Rc8 Kg7 34. Rxe8 Qxe8 35. Rc1 1-0

[Event "*** Titled Tuesday Blitz"]
[Site "Chess.com"]
[Date "2021.02.09"]
[Round "6"]
[White "EugeneRougon"]
[Black "AustrianFalcon"]
[Result "1-0"]
[WhiteElo "2712"]
[BlackElo "2448"]
[TimeControl "180+1"]
[EndTime "11:07:21 PST"]
[Termination "EugeneRougon won by resignation"]

1. e4 c5 2. Nf3 d6 3. d4 cxd4 4. Nxd4 Nf6 5. Nc3 a6 6. Be3 Ng4 7. Bg5 h6 8. Bh4 g5 9. Bg3 Bg7 10. h3 Ne5 11. Nf5 Bxf5 12. exf5 Nbc6 13. Nd5 e6 14.
fxe6 fxe6 15. Ne3 O-O 16. Be2 d5 17. O-O Qb6 18. Bg4 Nxg4 19. Qxg4 Ne5 20. Qe2 Ng6 21. c3 Nf4 22. Qd2 Rad8 23. Rad1 Qc6 24. Qc2 h5 25. Rfe1 e5 26. Nf5 e4 27. Ne7+ Kh7 28. Nxc6 bxc6 29. h4 1-0

[Event "*** Titled Tuesday Blitz"]
[Site "Chess.com"]
[Date "2021.02.09"]
[Round "6"]
[White "NikolaMa2000"]
[Black "KubaGepard"]
[Result "0-1"]
[WhiteElo "1858"]
[BlackElo "2358"]
[TimeControl "180+1"]
[EndTime "11:07:22 PST"]
[Termination "KubaGepard won by resignation"]

1. d4 d5 2. c4 dxc4 3. Qa4+ Nc6 4. e3 Nf6 5. Nf3 Bg4 6. Be2 Nd5 7. Qxc4 e5 8. Nxe5 Bxe2 9. Qxe2 Nxe5 10. dxe5 Bb4+ 11. Bd2 O-O 12. O-O Re8 13. f4 c5 14. Nc3 Bxc3 15.
Bxc3 Nxc3 16. bxc3 Qa5 17. Qc4 b5 18. Qb3 c4 19. Qc2 Qb6 20. Rf3 Rad8 21. a4 Rd3 22. Kf2 Red8 23. Qc1 b4 24. cxb4 Qxb4 25. Kg3 c3 26. Qa3 Qxa3 27. Rxa3 c2 28. Ra1 Rd1 29. Rf1 Rxa1 30. Rxa1 Rd1 31. Rb1 cxb1=Q 0-1

[Event "*** Titled Tuesday Blitz"]
[Site "Chess.com"]
[Date "2021.02.09"]
[Round "6"]
[White "dopolian"]
[Black "RaneshRatnesan"]
[Result "0-1"]
[WhiteElo "2386"]
[BlackElo "2200"]
[TimeControl "180+1"]
[EndTime "11:07:22 PST"]
[Termination "RaneshRatnesan won by resignation"]

1. b3 Nf6 2. Bb2 g6 3. Bxf6 exf6 4. e3 Bg7 5. Ne2 d6 6. g3 h5 7. h4 Bd7 8. Bg2 Bc6 9. Bxc6+ Nxc6 10. d4 f5 11. c4 a5 12. a3 Qe7 13. Nbc3 Nb8 14. O-O c6 15. b4 g5 16. hxg5 Qxg5 17. Kg2 h4 18. Rh1 Nd7 19. Nf4 Nf6 20. b5 Ng4 21. Qf3 hxg3 22. Rxh8+ Bxh8 23. fxg3 Kd7 24. bxc6+ bxc6 25.
Rb1 Kc7 26. Na4 Re8 27. Rb3 Qh6 28. Kf1 Nh2+ 0-1

[Event "*** Titled Tuesday Blitz"]
[Site "Chess.com"]
[Date "2021.02.09"]
[Round "6"]
[White "GadimbayliA"]
[Black "SilviusTiberius"]
[Result "1-0"]
[WhiteElo "2845"]
[BlackElo "2504"]
[TimeControl "180+1"]
[EndTime "11:07:28 PST"]
[Termination "GadimbayliA won by resignation"]

1. e4 e5 2. Nf3 Nc6 3. Nc3 Nf6 4. d4 exd4 5. Nxd4 Bb4 6. Nxc6 bxc6 7. Bd3 d5 8. exd5 O-O 9. O-O cxd5 10. Bg5 c6 11. Qf3 h6 12. Bxf6 Qxf6 13. Qxf6 gxf6 14. Ne2 Rb8 15.
Ng3 Bd6 16. b3 Be5 17. Rad1 Re8 18. Nf5 Bxf5 19. Bxf5 Re7 20. g3 Bc3 21. Kg2 a5 22. Rd3 d4 23. Rf3 c5 24. Bd3 Rb6 25. Bc4 Kf8 26.
Rf5 Re5 27. Rf3 Ke7 28. Rd1 Rb8 29. Rf4 Rb6 30. Rd3 f5 31. Rdf3 Rf6 32. Bd3 Bd2 33.
Rxf5 Rfxf5 34. Bxf5 f6 35. Bd3 Bc1 36. Rf5 Rxf5 37.
Bxf5 Kd6 38. f4 Kd5 39. Kf3 c4 40. Kg4 Be3 41. Kh5 Bg1 42. h4 Bh2 43. Kxh6 Bxg3 44. h5 Bxf4+ 45. Kg6 cxb3 46. axb3 Ke5 47. Bd3 Bc1 48.
h6 1-0

[Event "*** Titled Tuesday Blitz"]
[Site "Chess.com"]
[Date "2021.02.09"]
[Round "6"]
[White "Elshan1985"]
[Black "chessdjw"]
[Result "0-1"]
[WhiteElo "2799"]
[BlackElo "2643"]
[TimeControl "180+1"]
[EndTime "11:07:30 PST"]
[Termination "chessdjw won by resignation"]

1. e4 c5 2. Nf3 d6 3. d4 cxd4 4.
Nxd4 Nf6 5. Nc3 a6 6. Bc4 e6 7. a3 Be7 8. O-O O-O 9. Ba2 b5 10. f4 Bb7 11. Qf3 Nbd7 12. b4 Rc8 13. Bb2 Qb6 14. Qd3 e5 15. Nd5 Bxd5 16. exd5 exd4 17.
Bxd4 Qc7 18. c3 Rfe8 19. Rae1 Bf8 20. Qh3 Rxe1 21. Rxe1 Re8 22. Rd1 g6 23. f5 Bg7 24.
fxg6 hxg6 25. Rf1 Ne4 26. Bxg7 Kxg7 27. c4 bxc4 28. Qf3 f5 29. Bb1 Ndf6 30. Bxe4 Nxe4 31.
Qe3 c3 32. Qd4+ Re5 33. Rc1 Kf7 34. g4 Qe7 35. gxf5 Qg5+ 36. Kh1 Qxc1+ 0-1

[Event "*** Titled Tuesday Blitz"]
[Site "Chess.com"]
[Date "2021.02.09"]
[Round "6"]
[White "Adham_Fawzy"]
[Black "Federtiu"]
[Result "1-0"]
[WhiteElo "2779"]
[BlackElo "2596"]
[TimeControl "180+1"]
[EndTime "11:07:32 PST"]
[Termination "Adham_Fawzy won by resignation"]

1. e4 c6 2. d4 d5 3. exd5 cxd5 4. c4 Nf6 5. Nc3 Be6 6. c5 Nc6 7. Nf3 g6 8. Bb5 Bg7 9. Ne5 Bd7 10. O-O O-O 11. Re1 e6 12. f4 a6 13. Bxc6 Bxc6 14.
b4 Nd7 15. a4 Nxe5 16. fxe5 b5 17. Be3 h6 18. Qd2 Kh7 19. Ra2 Qd7 20. Rea1 Rfb8 21. axb5 axb5 22. Ra6 Rxa6 23. Rxa6 Ra8 24. Qa2 Rxa6 25.
Qxa6 g5 26. Nb1 f6 27. exf6 Bxf6 28. Nd2 e5 29. Nb3 exd4 30. Nxd4 Qe7 31. Kf2 Bxd4 32. Bxd4 Qe4 33. Qa7+ Kg6 34. Qg7+ Kh5 35. Qf7+ Qg6 36. g4+ 1-0

[Event "*** Titled Tuesday Blitz"]
[Site "Chess.com"]
[Date "2021.02.09"]
[Round "6"]
[White "Srisshhhtea"]
[Black "platy3"]
[Result "0-1"]
[WhiteElo "2507"]
[BlackElo "2847"]
[TimeControl "180+1"]
[EndTime "11:07:32 PST"]
[Termination "platy3 won by resignation"]

1. d4 Nf6 2. c4 e6 3. Nf3 d5 4.
g3 Be7 5. Bg2 O-O 6. O-O dxc4 7.
Qc2 a6 8. a4 Bd7 9. Nbd2 Bc6 10.
Nxc4 Be4 11. Qb3 Nc6 12. Rd1 Nb4 13. Ne1 Qd5 14. Bd2 b5 15. Bxb4 bxc4 16. Qa3 Bxb4 17.
Qxb4 Rab8 18. Qd2 Rb3 19. f3 Bg6 20. e4 Qb7 21. Ra2 Rb8 22. Bf1 Bh5 23. Bxc4 Bxf3 24. Bxb3 Qxb3 25. Ra3 Qxd1 26. Qxd1 Bxd1 27. e5 Nd5 28.
Nd3 Be2 29. Nc5 Rxb2 30. a5 Bb5 31. Ra1 Nc3 32. Re1 Ne2+ 33. Kf2 Nxd4+ 34. Ke3 Nc2+ 35. Kd2 Nxe1+ 36. Kxe1 Re2+ 0-1

[Event "*** Titled Tuesday Blitz"]
[Site "Chess.com"]
[Date "2021.02.09"]
[Round "6"]
[White "12teen"]
[Black "hansen"]
[Result "1-0"]
[WhiteElo "2864"]
[BlackElo "2947"]
[TimeControl "180+1"]
[EndTime "11:07:33 PST"]
[Termination "12teen won by checkmate"]

1. b3 e5 2. Bb2 Nc6 3. e3 Nf6 4. Nf3 e4 5. Ng5 h6 6. Nh3 d5 7. Nf4 Be6 8. d3 Bb4+ 9. Nd2 exd3 10. Bxd3 Qd6 11. a3 Bc5 12. Nxe6 fxe6 13. b4 Bb6 14. c4 dxc4 15. Nxc4 Qd5 16. Bg6+ Ke7 17. Qc2 Rhd8 18. O-O a5 19. bxa5 Nxa5 20. Nxb6 cxb6 21. Qc7+ Nd7 22. Rfd1 Qc5 23. Qf4 Rf8 24. Qe4 Nf6 25. Bxf6+ Rxf6 26. Rac1 Qg5 27. Rc7+ Kf8 28. Bh7 Qh5 29. Qb4+ Ke8 30. Qe7# 1-0